 Dungeon Crawl Stone Soup version 0.17-a0-1778-gd369669 (webtiles) character file.

812 abixa the Grappler (level 7, 52/61 HPs)
             Began as a Ghoul Monk on Sept 8, 2015.
             Quit the game on level 6 of the Dungeon.
             The game lasted 00:10:26 (4025 turns).

abixa the Grappler (Ghoul Monk)                     Turns: 4025, Time: 00:10:26

Health: 52/61      AC:  6    Str: 15    XL:     7   Next: 93%
Magic:  6/6        EV: 10    Int:  5    God:
Gold:   245        SH:  0    Dex: 13    Spells: 0 memorised, 6 levels left

rFire  . . .     SeeInvis .       - Unarmed
rCold  + . .     Clarity  .     g - +0 scale mail
rNeg   + + +     SustAt   .     (no shield)
rPois  ∞         Gourm    .     (no helmet)
rElec  .         Spirit   .     (no cloak)
rCorr  .         Warding  .     (no gloves)
rMut   .         Stasis   .     (no boots)
MR     .....                    a - amulet of faith
Stlth  +.........               (no ring)
                                (no ring)

@: very slightly contaminated, rotting, not resistant to hostile enchantments,
very unstealthy
A: rotting body, claws 1, carnivore 3, cold resistance 1, negative energy
resistance 3, slow healing 1, torment resistance, unbreathing
a: no special abilities


You were on level 6 of the Dungeon.
You were not hungry.

You visited 1 branch of the dungeon, and saw 6 of its levels.

You collected 245 gold pieces.

Inventory:

Hand weapons
 s - a +0 hunting sling
 A - a +0 trident
Missiles
 d - 43 arrows
 f - 62 sling bullets
 h - 190 stones (quivered)
 t - 45 poisoned needles
 v - 10 sling bullets of flame
 B - 3 tomahawks
 F - 10 arrows of flame
Armour
 g - a +0 scale mail (worn)
Jewellery
 a - an amulet of faith (around neck)
 D - an uncursed ring of flight {unknown}
Magical devices
 q - a wand of paralysis (9)
Scrolls
 l - a scroll of amnesia
 n - 5 scrolls of remove curse
 p - 2 scrolls of teleportation
 y - a scroll of fear
 E - a scroll of noise
 G - a scroll of enchant armour
Potions
 c - a potion of agility {unknown}
 e - 3 potions of brilliance {unknown}
 j - a potion of beneficial mutation {unknown}
 m - a potion of flight {unknown}
 o - 3 potions of curing {unknown}
 r - a potion of magic {unknown}
 u - 2 potions of poison {unknown}
 w - a potion of invisibility {unknown}
 x - 2 potions of cancellation {unknown}
 z - a potion of haste {unknown}
 C - 2 potions of cure mutation {unknown}
Comestibles
 b - 5 meat rations
 i - 4 chunks of flesh
 k - 2 slices of pizza


   Skills:
 + Level 5.4 Fighting
 + Level 3.4 Armour
 - Level 2.6 Dodging
 - Level 2.1 Stealth
 + Level 8.3 Unarmed Combat


You had 6 spell levels left.
You didn't know any spells.

Dungeon Overview and Level Annotations

Branches:
Dungeon (6/15)
 Temple: D:4-7

Altars:
Cheibriados
Sif Muna
Vehumet
Yredelemnul

Shops:
D:4 [


Innate Abilities, Weirdness & Mutations

Your body is rotting away.
You thrive on raw meat.
You are immune to poison.
You have sharp fingernails.
You are carnivorous and can eat meat at any time.
Your flesh is cold resistant.
You are immune to negative energy.
You heal slowly when monsters are visible.
You are immune to unholy pain and torment.
You can survive without breathing.


Message History

You scratch the hound.
The hound is severely wounded.
The hound barely misses you.
You miss the hound.
The hound is severely wounded.
The hound bites you. The hound barely misses you.
You claw the hound!
You kill the hound!
No target in view!
D - a scroll labeled YNUOMAIDWAS Read which item? (? for menu, Esc to quit)
Blink to where?
Press: ? - help, Dir - move target cursor You are very lightly contaminated with residual magic.
As you read the scroll labeled YNUOMAIDWAS, it crumbles to dust.
It was a scroll of blinking.
D - a cabochon ring
Found a ring mail.
Found 24 bolts.
Are you sure you want to abandon this character and quit the game? (Confirm with "yes".)

#### ########### ...#
######.........##...###
##....................(
................# ...#
##.###..####...###...##.#
.................@..[....
##.####.##########.####.#
#.. ... .# ### #.## .#
#.. .# .# .. ..


There were no monsters in sight!

Vanquished Creatures
  The ghost of ololoev the Poker, an average DrSk (D:3)
  A phantom (D:4)
  2 ogres
  2 scorpions
  A giant frog skeleton (D:4)
  A hound (D:6)
  Terence (D:2)
  An iguana (D:4)
  A killer bee zombie (D:5)
  A hound skeleton (D:4)
  A worker ant zombie (D:5)
  A gnoll (D:1)
  7 adders
  An ooze (D:1)
  An adder skeleton (D:4)
  4 worms
  5 orcs
  A giant cockroach (D:4)
  15 goblins
  6 hobgoblins
  8 jackals (D:2)
  2 quokkas
  6 bats
  8 giant geckos
  3 giant newts
  7 kobolds
  12 rats
  A spectral orc (D:3)
101 creatures vanquished.

Notes
Turn   | Place    | Note
--------------------------------------------------------------
     0 | D:1      | abixa the Ghoul Monk began the quest for the Orb.
     0 | D:1      | Reached XP level 1. HP: 19/19 MP: 0/0
    52 | D:1      | Reached XP level 2. HP: 23/26 MP: 1/1
   157 | D:1      | Reached skill level 5 in Unarmed Combat
   363 | D:1      | Reached XP level 3. HP: 30/30 MP: 2/2
   855 | D:2      | Reached skill level 6 in Unarmed Combat
   855 | D:2      | Reached XP level 4. HP: 28/38 MP: 3/3
   945 | D:2      | Noticed Terence
   963 | D:2      | Killed Terence
  1240 | D:2      | Found a faded altar to an unknown god.
  1278 | D:2      | Reached XP level 5. HP: 42/45 MP: 4/4
  1358 | D:2      | You fall through a shaft for 2 floors!
  1413 | D:3      | Noticed ololoev's ghost (average DrSk)
  1473 | D:3      | Reached skill level 7 in Unarmed Combat
  2517 | D:3      | Found a basalt altar of Yredelemnul.
  2680 | D:3      | Killed ololoev's ghost
  2680 | D:3      | Reached skill level 1 in Armour
  2680 | D:3      | Reached XP level 6. HP: 26/51 MP: 5/5
  2802 | D:3      | Found a radiant altar of Vehumet.
  3081 | D:4      | Found Sureitau's Antique Armour Shoppe.
  3180 | D:4      | Noticed a phantom
  3222 | D:4      | Killed a phantom
  3222 | D:4      | Reached XP level 7. HP: 26/60 MP: 6/6
  3487 | D:4      | Found a snail-covered altar of Cheibriados.
  3606 | D:4      | Noticed an ogre
  3620 | D:4      | Killed an ogre
  3620 | D:4      | Reached skill level 5 in Fighting
  3620 | D:4      | Reached skill level 8 in Unarmed Combat
  3768 | D:4      | Found a deep blue altar of Sif Muna.
  3938 | D:5      | Entered Level 5 of the Dungeon
  4004 | D:4      | You fall through a shaft!
  4025 | D:6      | Quit the game

Vault maps used:
D:1:      dpeg_arrival_fog
D:2:      kennysheep_big_flooded_room, ecumenical_altar_2, corexii_corridor_pit,
          grunt_ministairs_10, uniq_terence
D:3:      vehumet_crystals, yredelemnul_forgotten_temple_becter,
          minmay_misc_feat_five, kennysheep_generic_room_9
D:4:      lemuel_blue_sif_altar, kennysheep_mini, serial_shops, shop_fountains,
          first_bread, grunt_ministairs_1
D:5:      kennysheep_mini_moat, kiku_gazebo_pond_becter, basic_altar,
          portal_sewer_entry_e
D:6:      enter_ossuary_2

Action                   |  1- 3 |  4- 6 |  7- 9 || total
-------------------------+-------+-------+-------++-------
Melee: Unarmed           |    92 |   250 |    72 ||   414
  Use: Scroll            |       |       |     7 ||     7
 Stab: Sleeping          |     1 |       |       ||     1
  Eat: Chunk             |     3 |    12 |     6 ||    21
